AoeStats
← Tomate

Arena

505308440Analyzed
2v2 RM · 25d ago on Sep 8, 2026· 39m 25s· 4 players
Game mode
Random Map
Map size
Medium (4 player)
Population
200
Speed
Normal
Resources
Standard
Victory
Conquest
Starting age
Dark Age
Ending age
Imperial Age
RankedLock teamsTeams togetherTeam positionsShared explorationLock speedFull tech treeHidden civsTurbo modeCheats
Victory
Defeat
🇨🇱 Britons · Chile
1036
+12
🇨🇱 Lithuanians · Chile
1015
+12
🇨🇱 Portuguese · Chile
945
-12
🇨🇱 Spanish · Chile
945
-12
Tomate
10:23 Feudal Age
12:55 Loom
15:49 Castle Age
13:59 Double-Bit Axe
14:30 Stone Mining
15:16 Horse Collar
18:12 Wheelbarrow
18:43 Fervor
21:46 Heavy Plow
23:27 Hand Cart
24:59 Town Watch
29:18 Imperial Age
26:48 Gold Mining
28:56 Stone Shaft Mining
28:23 Inquisition
28:39 Bloodlines
28:29 Husbandry
28:47 Bow Saw
29:22 Ballistics
29:11 Fletching
30:41 Conscription
32:07 Bodkin Arrow
32:13 Padded Archer Armor
32:27 Forging
34:05 Chemistry
33:18 Fortified Wall
33:46 Town Patrol
34:18 Cavalier
35:07 Scale Barding Armor
35:38 Iron Casting
36:39 Two-Man Saw
35:14 Paladin
36:17 Squires
35:38 Pikeman
37:21 Chain Barding Armor
38:02 Blast Furnace
39:09 Plate Barding Armor
38:58 Leather Archer Armor
38:22 Elite Skirmisher
nnickk0
10:28 Feudal Age
13:06 Loom
15:24 Castle Age
13:57 Horse Collar
14:04 Double-Bit Axe
16:29 Bow Saw
17:01 Heavy Plow
18:06 Stone Mining
19:41 Wheelbarrow
22:27 Gold Mining
23:17 Stone Shaft Mining
25:20 Crossbowman
26:01 Gold Mining
26:42 Thumb Ring
28:05 Hand Cart
27:36 Loom
31:27 Imperial Age
31:19 Caravan
32:16 Town Watch
33:45 Padded Archer Armor
33:35 Fletching
33:39 Arbalester
33:56 Elite Skirmisher
36:23 Pikeman
37:50 Ballistics
37:27 Murder Holes
38:34 Chemistry
37:45 Fortified Wall
loyo
10:49 Feudal Age
12:38 Loom
15:20 Castle Age
13:17 Double-Bit Axe
14:05 Horse Collar
16:33 Heavy Plow
16:51 Bow Saw
18:16 Forging
27:05 Wheelbarrow
30:42 Imperial Age
29:27 Hand Cart
29:26 Husbandry
29:24 Town Watch
30:31 Bloodlines
30:29 Gold Mining
30:32 Stone Mining
31:48 Iron Casting
31:19 Scale Barding Armor
32:09 Stone Shaft Mining
32:43 Two-Man Saw
32:25 Crop Rotation
32:35 Conscription
32:51 Cavalier
35:22 Paladin
37:39 Chain Barding Armor
Heloz
3:04 Loom
9:17 Loom
11:03 Feudal Age
12:53 Double-Bit Axe
15:34 Castle Age
16:46 Bow Saw
17:10 Horse Collar
17:22 Gold Mining
17:40 Crossbowman
20:50 Town Watch
21:18 Fletching
22:13 Wheelbarrow
22:47 Bodkin Arrow
23:46 Padded Archer Armor
23:45 Stone Mining
24:54 Heavy Plow
25:14 Hand Cart
26:19 Leather Archer Armor
26:05 Scale Mail Armor
26:12 Squires
32:21 Imperial Age
30:14 Ballistics
30:06 Masonry
30:58 Caravan
32:34 Chain Mail Armor
32:30 Forging
33:25 Conscription
32:36 Arbalester
34:23 Chemistry
33:25 Bracer
33:57 Ring Archer Armor
33:58 Plate Mail Armor
32:55 Pikeman
33:27 Gambesons
35:36 Capped Ram
35:52 Halberdier
37:05 Plate Mail Armor
37:10 Iron Casting
36:59 Town Patrol
39:30 Two-Man Saw
39:06 Gold Shaft Mining
Connection lost

Rejoining the realm…

Still unreachable

The connection could not be restored.

Session expired

The server has moved on; the page needs a fresh start.